 Dungeon Crawl Stone Soup version 0.22-a0-271-gc000056 (webtiles) character file.

161 tidbits the Sneak (level 5, -5/37 HPs)
             Began as a Gnoll Enchanter on Mar 11, 2018.
             Was a Believer of Cheibriados.
             Slain by Pikel
             ... wielding a +1 whip of freezing
              (7 damage)
             ... on level 4 of the Dungeon.
             The game lasted 00:06:14 (587 turns).

tidbits the Sneak (Gnoll Enchanter)                  Turns: 587, Time: 00:06:15

Health: -5/37      AC:  3    Str: 14    XL:     5   Next: 42%
Magic:  3/3        EV: 15    Int: 22    God:    Cheibriados [**....]
Gold:   92         SH:  0    Dex: 20    Spells: 5/14 levels left

rFire    . . .     SeeInvis .   b - +4 flail of Makhleb {flame, rN+ MP-9 Stlth+}
rCold    . . .     Gourm    .   (no shield)
rNeg     + . .     Faith    .   B - +0 robe
rPois    .         Spirit   .   (no helmet)
rElec    .         Reflect  .   C - +0 cloak
rCorr    .         Harm     .   (no gloves)
MR       .....                  (no boots)
Stlth    +++++.....             (no amulet)
HPRegen  0.12/turn              (no ring)
MPRegen  0.08/turn              (no ring)

@: very slow
A: distributed training, fangs 1, strong nose
a: Bend Time, Renounce Religion


You were on level 4 of the Dungeon.
You worshipped Cheibriados.
Cheibriados was pleased with you.
You were not hungry.

You visited 1 branch of the dungeon, and saw 5 of its levels.

You collected 92 gold pieces.

Inventory:

Hand Weapons
 a - a +1 dagger
 b - the +4 flail of Makhleb (weapon) {flame, rN+ MP-9 Stlth+}
   (You found it on level 4 of the Dungeon)

   It has been specially enchanted to burn those struck by it, causing extra
   injury to most foes and up to half again as much damage against particularly
   susceptible opponents.
   It protects you from negative energy.
   It affects your magic capacity (-9).
   It makes you more stealthy.
Armour
 B - a +0 robe (worn)
 C - a +0 cloak (worn)
Scrolls
 g - 4 scrolls of teleportation
 h - a scroll of identify {unknown}
 i - a scroll of fog {unknown}
 j - 2 scrolls of blinking {unknown}
 l - a scroll of amnesia {unknown}
Potions
 c - a potion of flight {unknown}
 e - a potion of heal wounds
 f - a potion of mutation {unknown}
 k - 3 potions of lignification {unknown}
 m - a potion of berserk rage {unknown}
Comestibles
 d - 7 rations


   Skills:
 + Level 1.4 Fighting
 + Level 3.0 Short Blades
 + Level 1.4 Long Blades
 + Level 1.4 Axes
 + Level 1.4 Maces & Flails
 + Level 1.4 Polearms
 + Level 1.4 Staves
 + Level 1.4 Slings
 + Level 1.4 Bows
 + Level 1.4 Crossbows
 + Level 1.4 Throwing
 + Level 1.4 Armour
 + Level 4.8 Dodging
 + Level 6.1 Stealth
 + Level 1.4 Shields
 + Level 1.4 Unarmed Combat
 + Level 5.2 Spellcasting
 + Level 1.1 Conjurations
 + Level 5.5 Hexes
 + Level 1.1 Charms
 + Level 1.1 Summonings
 + Level 1.1 Necromancy
 + Level 1.1 Translocations
 + Level 1.1 Transmutations
 + Level 1.1 Fire Magic
 + Level 1.1 Ice Magic
 + Level 1.1 Air Magic
 + Level 1.1 Earth Magic
 + Level 1.1 Poison Magic
 + Level 1.6 Invocations
 + Level 1.4 Evocations


You had 5 spell levels left.
You knew the following spells:

 Your Spells              Type           Power        Failure   Level  Hunger
a - Corona                Hex            ####...      1%          1    None
c - Confuse               Hex            ####....     3%          3    ##.....
d - Dazzling Spray        Conj/Hex       ###...       8%          3    ##.....
e - Ensorcelled Hibernat  Hex/Ice        ###...       3%          2    None


Dungeon Overview and Level Annotations

Branches:
Dungeon (5/15)
 Temple: D:4-7

Altars:
Cheibriados
Dithmenos
Gozag

Annotations:
D:4 Pikel


Innate Abilities, Weirdness & Mutations

Your experience applies equally to all skills.
You have very sharp teeth.
Your uncanny sense of smell can sniff out nearby items.


Message History

There is a stone staircase leading down here.
You climb downwards.
There is a stone staircase leading up here.
Unknown command.
You see here 16 gold pieces.
You now have 92 gold pieces (gained 16).
You see here a ration.
d - 7 rations (gained 1)
There is a stone staircase leading down here.
You climb downwards.
There is a stone staircase leading up here.
Unknown command.
Unknown command.
Pikel the Slaver comes into view.
He is wielding a whip of freezing.
Pikel shouts!
The slave shouts! x2; You hear a shout!
There is a stone staircase leading up here.
A slave comes into view.
Casting: Ensorcelled Hibernation (safe; 3% risk of failure)
Confirm with . or Enter, or press ? or * to list all spells.
Aiming: Ensorcelled Hibernation (safe; 3% risk of failure)
Press: ? - help, Shift-Dir - straight line, f - slave
Aim: a slave, wearing an animal skin (chance to defeat MR: 50%)
The slave looks drowsy...
The helpless slave fails to defend itself.
You impale the slave!!
You kill the slave!
That felt strangely unrewarding.
A slave comes into view.
The slave moves out of view.
Pikel closely misses you.
You climb upwards.
There is a stone staircase leading down here.
Unknown command.
Pikel misses you. Pikel hits you with a whip of freezing! Pikel freezes you.
The slave hits you!
Unknown command.
Pikel closely misses you.
Casting: Ensorcelled Hibernation (safe; 3% risk of failure)
Confirm with . or Enter, or press ? or * to list all spells.
Aiming: Ensorcelled Hibernation (safe; 3% risk of failure)
Press: ? - help, Shift-Dir - straight line, f - Pikel
Aim: Pikel, wielding a whip of freezing and wearing a robe (chance to defeat MR: 50%) Pikel resists with some effort.
Pikel hits you with a whip of freezing. Pikel freezes you.
Casting: Ensorcelled Hibernation (safe; 3% risk of failure)
Confirm with . or Enter, or press ? or * to list all spells.
Aiming: Ensorcelled Hibernation (safe; 3% risk of failure)
Press: ? - help, Shift-Dir - straight line, f/p - Pikel
Aim: Pikel, wielding a whip of freezing and wearing a robe (chance to defeat MR: 50%) Pikel looks drowsy...
The helpless Pikel fails to defend himself.
You impale Pikel!!
Pikel is severely wounded.
Pikel closely misses you.
Okay, then.
Casting: Ensorcelled Hibernation (safe; 3% risk of failure)
Confirm with . or Enter, or press ? or * to list all spells.
Aiming: Confuse (safe; 3% risk of failure)
Press: ? - help, Shift-Dir - straight line, f/p - Pikel
Aim: Pikel, wielding a whip of freezing and wearing a robe (severely wounded, chance to defeat MR: 59%) Pikel resists with significant effort.
Pikel barely misses you.
Casting: Confuse (safe; 3% risk of failure)
Confirm with . or Enter, or press ? or * to list all spells.
Aiming: Confuse (safe; 3% risk of failure)
Press: ? - help, Shift-Dir - straight line, f/p - Pikel
Aim: Pikel, wielding a whip of freezing and wearing a robe (severely wounded, chance to defeat MR: 59%) Pikel resists with significant effort.
Pikel barely misses you.
Unknown command.
Wield which item (- for none, * to show all)? (? for menu, Esc to quit)
Okay, then.
The +4 flail of Makhleb {flame, rN+ MP-9 Stlth+} bursts into flame!
b - the +4 flail of Makhleb (weapon)
{flame, rN+ MP-9 Stlth+} Pikel hits you with a whip of freezing.
* * * LOW HITPOINT WARNING * * *
Pikel freezes you.
* * * LOW HITPOINT WARNING * * *
It was a potion of heal wounds.
You feel much better. Pikel hits you with a whip of freezing.
Pikel freezes you.
* * * LOW HITPOINT WARNING * * *
You hit Pikel. You burn Pikel.
Pikel is almost dead.
Pikel closely misses you.
You miss Pikel. You bite Pikel, but do no damage.
Pikel is almost dead.
Pikel hits you with a whip of freezing.
* * * LOW HITPOINT WARNING * * *
Pikel freezes you.
* * * LOW HITPOINT WARNING * * *
You hit Pikel. You burn Pikel.
Pikel is almost dead.
Pikel hits you but does no damage.
Unknown command.
You miss Pikel.
Pikel is almost dead.
Pikel hits you with a whip of freezing.
* * * LOW HITPOINT WARNING * * *
Pikel freezes you.
* * * LOW HITPOINT WARNING * * *
Pikel hits you with a whip of freezing!
You die...

#.#...........# #.........####.
...............## #..............
#.#...#######..##.#..............
##....# ##..##.#..............
##...... ...##...........##./.
#....## #..####.........##...
#....# #..# #>รท...[...##...
#....######..####.........##..>
###...[##.......@Kp..............
..........###..########.####.##..
#####..#### #<.# #.......... #...
#..# ###........ #.#. ...#
#.##.#... #.## ##..# # #.#.## #.#
#..# #...## #.# #..#### ###.#.
#.## #.....# #..#


You could see Pikel and a slave.

Vanquished Creatures
  A slave (D:5)
  A howler monkey (D:4)
  A hound (D:4)
  Jessica (D:3)
  A worker ant (D:4)
  2 adders
  A worm (D:3)
  3 bats (D:1)
  2 giant cockroaches (D:1)
  3 goblins
  A hobgoblin (D:2)
  4 jackals (D:4)
  2 quokkas (D:3)
  A frilled lizard (D:2)
  A jackal skeleton (D:4)
25 creatures vanquished.

Notes
Turn   | Place    | Note
-------+----------+-------------------------------------------
     0 | D:1      | tidbits the Gnoll Enchanter began the quest for the Orb.
     0 | D:1      | Reached XP level 1. HP: 13/13 MP: 6/6
    70 | D:2      | Found a faded altar of an unknown god.
    77 | D:2      | Became a worshipper of Cheibriados the Contemplative
    77 | D:2      | Reached * piety under Cheibriados
   136 | D:1      | Reached XP level 2. HP: 15/19 MP: 3/7
   146 | D:1      | Learned a level 2 spell: Ensorcelled Hibernation
   282 | D:4      | Reached skill level 6 in Stealth
   282 | D:4      | Reached skill level 5 in Spellcasting
   282 | D:4      | Reached skill level 1 in Invocations
   282 | D:4      | Reached XP level 3. HP: 24/25 MP: 2/9
   285 | D:5      | Entered Level 5 of the Dungeon
   285 | D:5      | Noticed a slave
   285 | D:5      | Noticed a slave
   286 | D:5      | Found a shadowy altar of Dithmenos.
   309 | D:4      | Reached skill level 1 in Fighting
   309 | D:4      | Reached skill level 1 in Long Blades
   309 | D:4      | Reached skill level 1 in Axes
   309 | D:4      | Reached skill level 1 in Maces & Flails
   309 | D:4      | Reached skill level 1 in Polearms
   309 | D:4      | Reached skill level 1 in Staves
   309 | D:4      | Reached skill level 1 in Slings
   309 | D:4      | Reached skill level 1 in Bows
   309 | D:4      | Reached skill level 1 in Crossbows
   309 | D:4      | Reached skill level 1 in Throwing
   309 | D:4      | Reached skill level 1 in Armour
   309 | D:4      | Reached skill level 1 in Shields
   309 | D:4      | Reached skill level 1 in Unarmed Combat
   309 | D:4      | Reached skill level 1 in Evocations
   352 | D:4      | Got a scorched flail
   353 | D:4      | Identified the +4 flail of Makhleb {flame, rN+ MP-9 Stlth+} (You found it on level 4 of the Dungeon)
   366 | D:4      | Reached XP level 4. HP: 32/32 MP: 0/11
   434 | D:4      | Reached skill level 1 in Conjurations
   434 | D:4      | Reached skill level 1 in Charms
   434 | D:4      | Reached skill level 1 in Summonings
   434 | D:4      | Reached skill level 1 in Necromancy
   434 | D:4      | Reached skill level 1 in Translocations
   434 | D:4      | Reached skill level 1 in Transmutations
   434 | D:4      | Reached skill level 1 in Fire Magic
   434 | D:4      | Reached skill level 1 in Ice Magic
   434 | D:4      | Reached skill level 1 in Air Magic
   434 | D:4      | Reached skill level 1 in Earth Magic
   434 | D:4      | Reached skill level 1 in Poison Magic
   434 | D:4      | Reached XP level 5. HP: 37/37 MP: 12/12
   442 | D:4      | Learned a level 3 spell: Confuse
   446 | D:4      | Learned a level 3 spell: Dazzling Spray
   449 | D:3      | Noticed Jessica
   452 | D:3      | Killed Jessica
   463 | D:3      | Found an opulent altar of Gozag.
   496 | D:4      | Reached ** piety under Cheibriados
   516 | D:3      | Reached skill level 3 in Short Blades
   562 | D:5      | Noticed Pikel
   565 | D:5      | Noticed a slave
   566 | D:5      | Killed a slave
   567 | D:5      | Noticed a slave
   587 | D:4      | HP: 2/37 [Pikel/whip of freezing (2)]
   587 | D:4      | Slain by Pikel

Vault maps used:
D:1:      dpeg_arrival_short_road
D:2:      chequers_ecumenical_altar_simple, minivault_11
D:3:      eat_drink_and_be_merry_uskayaw, lemuel_coloured_pillars_altar,
          nicolae_gozag_zags_fifth_avenue, first_ration, grunt_decor_cap,
          nicolae_ru_path_of_blood, uniq_jessica
D:4:      uniq_menkaure
D:5:      fedhas_altar_4, lemuel_doored_altar, temple_hall, uniq_pikel

Skill      XL: |  1  2  3  4  5 |
---------------+----------------+-----
Stealth        | 6 |  6.1
Spellcasting   | 5 |  5.2
Invocations    | 1 |  1.6
Fighting       | 1 |  1.4
Long Blades    | 1 |  1.4
Axes           | 1 |  1.4
Maces & Flails | 1 |  1.4
Polearms       | 1 |  1.4
Staves         | 1 |  1.4
Slings         | 1 |  1.4
Bows           | 1 |  1.4
Crossbows      | 1 |  1.4
Throwing       | 1 |  1.4
Armour         | 1 |  1.4
Shields        | 1 |  1.4
Unarmed Combat | 1 |  1.4
Evocations     | 1 |  1.4
Conjurations   | 1 |  1.1
Charms         | 1 |  1.1
Summonings     | 1 |  1.1
Necromancy     | 1 |  1.1
Translocations | 1 |  1.1
Transmutations | 1 |  1.1
Fire Magic     | 1 |  1.1
Ice Magic      | 1 |  1.1
Air Magic      | 1 |  1.1
Earth Magic    | 1 |  1.1
Poison Magic   | 1 |  1.1
Short Blades   | 3 |  3.0
Dodging        | |  4.8
Hexes          | |  5.5

Action                   |  1- 3 |  4- 6 || total
-------------------------+-------+-------++-------
Melee: Dagger            |    40 |    11 ||    51
       Bite              |     4 |     2 ||     6
       Flail             |       |     4 ||     4
 Cast: Corona            |     8 |     1 ||     9
       Ensorcelled Hiber |     6 |     8 ||    14
       Confuse           |       |     2 ||     2
  Use: Scroll            |     1 |       ||     1
       Potion            |       |     1 ||     1
 Stab: Sleeping          |     8 |     9 ||    17
Armor: Robe              |    12 |     2 ||    14
Dodge: Dodged            |    41 |     9 ||    50

Table legend:
 A = Spawn XP
 B = Non-spawn XP
 C = Spawn XP percentage of total XP
 D = Spawn monster count
 E = Non-spawn monster count
 F = Spawn count percentage of total count
 G = Total turns spent on level
                    A         B        C        D         E        F      G
               +---------+---------+-------+---------+---------+-------+---------
         Total |       0 |     230 |   0.0 |       0 |      24 |   0.0 |   587
               +---------+---------+-------+---------+---------+-------+---------
           D:1 |       0 |      14 |   0.0 |       0 |       7 |   0.0 |   171
           D:2 |       0 |      17 |   0.0 |       0 |       3 |   0.0 |    72
           D:3 |       0 |      48 |   0.0 |       0 |       5 |   0.0 |    74
           D:4 |       0 |     151 |   0.0 |       0 |       9 |   0.0 |   240
               +---------+---------+-------+---------+---------+-------+---------

Table legend:
 A = Turns spent in this place as a percentage of turns spent in the entire game.
 B = Non-inter-level travel turns spent in this place as a percentage of non-inter-level travel turns spent in the entire game.
 C = Inter-level travel turns spent in this place as a percentage of turns spent in this place.
 D = Turns resting spent in this place as a percentage of non-inter-level travel turns spent in this place.
 E = Turns spent auto-exploring this place as a percentage of non-inter-level travel turns spent in this place.
 F = Non-inter-level travel turns spent in this place divided by the number of levels of this place that you've seen.
                   A       B       C       D       E      F
               +-------+-------+-------+-------+-------+----------------------
         Total | 100.0 | 100.0 |   0.0 |   0.0 |   0.0 | 117.4
       Dungeon | 100.0 | 100.0 |   0.0 |   0.0 |   0.0 | 117.4
               +-------+-------+-------+-------+-------+----------------------

Table legend:
 A = Kills in this place as a percentage of kills in entire the game.
 B = Kills by you in this place as a percentage of kills by you in the entire game.
 C = Kills by friends in this place as a percentage of kills by friends in the entire game.
 D = Other kills in this place as a percentage of other kills in the entire game.
 E = Experience gained in this place as a percentage of experience gained in the entire game.
 F = Experience gained in this place divided by the number of levels of this place that you have seen.
                   A       B       C       D       E      F
               +-------+-------+-------+-------+-------+----------------------
         Total | 100.0 | 100.0 |   N/A |   N/A | 100.0 |  46.0
       Dungeon | 100.0 | 100.0 |   N/A |   N/A | 100.0 |  46.0
               +-------+-------+-------+-------+-------+----------------------

Vault maps used:
D:1:      dpeg_arrival_short_road
D:2:      chequers_ecumenical_altar_simple, minivault_11
D:3:      eat_drink_and_be_merry_uskayaw, lemuel_coloured_pillars_altar,
          nicolae_gozag_zags_fifth_avenue, first_ration, grunt_decor_cap,
          nicolae_ru_path_of_blood, uniq_jessica
D:4:      uniq_menkaure
D:5:      fedhas_altar_4, lemuel_doored_altar, temple_hall, uniq_pikel
